 Dungeon Crawl Stone Soup version 0.29-a0-284-gf9362112df (webtiles) character file.

Game seed: 14316091762590321223

905 snetch the Magician (level 8, 0/54 HPs)
             Began as a Djinni Fire Elementalist on Mar 31, 2022.
             Was a Believer of Zin.
             Slain by Pikel
             ... wielding a +1 whip of flaming
              (10 damage)
             ... on level 4 of the Dungeon.
             The game lasted 00:14:19 (4226 turns).

snetch the Magician (Djinni Fire Elementalist)      Turns: 4226, Time: 00:14:20

Health: 0/54       AC:  4    Str:  7    XL:     8   Next: 29%
Gold:   184        EV: 13    Int: 20    God:    Zin [**....] SH:  6 Dex: 13

rFire   + + +      SeeInvis .   g - +2 whip (elec)
rCold   x . .      Faith    .   b - +2 buckler {reflect}
rNeg    . . .      Spirit   .   v - +1 robe {rF+}
rPois   ∞          Reflect  +   (no helmet)
rElec   .          Harm     .   (no cloak)
rCorr   .          Rampage  .   p - +0 pair of gloves
Will    +....                   (boots unavailable)
Stlth   ++........              (no amulet)
HPRegen 0.18/turn               i - ring of willpower
MPRegen 0.00/turn               (no ring)

@: flying, very slightly contaminated
A: sickness immunity, fire resistance 2, cold vulnerability 1, float, innate
caster, HP casting, extra vitality 1
a: Renounce Religion, Recite, Vitalisation, Donate Gold


You were on level 4 of the Dungeon.
You worshipped Zin.
Zin was pleased with you.
You visited 1 branch of the dungeon, and saw 6 of its levels.
You also visited: Sewer.

You collected 204 gold pieces.
You donated 20 gold pieces to Zin.

Inventory:

Hand Weapons
 g - a +2 whip of electrocution (weapon)
 D - a +0 morningstar
 H - a +0 spear of venom
 I - a +0 halberd
 J - a +0 dagger of venom
Missiles
 c - 129 stones
 e - 10 boomerangs
 G - a throwing net
Armour
 b - a +2 buckler of reflection (worn)
 p - a +0 pair of gloves (worn)
 t - a +0 ring mail
 v - a +1 robe of fire resistance (worn)
 B - a +0 scale mail
 C - a +0 leather armour
 E - a +0 chain mail
 K - the +1 chain mail "Ranwug" {Str+5 Dex+3}
   (You found it on level 4 of the Dungeon)

   Str:       It affects your strength (+5).
   Dex:       It affects your dexterity (+3).
Jewellery
 i - a ring of willpower (left hand)
Wands
 k - a wand of digging (2)
 y - a wand of paralysis (13)
Scrolls
 a - a scroll of noise {unknown}
 f - 2 scrolls of fear {unknown}
 h - a scroll of teleportation {unknown}
 l - a scroll of silence {unknown}
 o - 2 scrolls of identify {unknown}
 w - a scroll of fog {unknown}
 x - a scroll of enchant weapon {unknown}
 A - a scroll of vulnerability {unknown}
 L - a scroll of amnesia {unknown}
Potions
 d - a potion of berserk rage {unknown}
 j - 3 potions of brilliance {unknown}
 m - a potion of ambrosia {unknown}
 n - a potion of might {unknown}
 q - 3 potions of heal wounds {unknown}
 r - a potion of curing {unknown}
 s - 2 potions of mutation {unknown}
 u - 2 potions of lignification {unknown}
 z - a potion of haste
 F - 2 potions of degeneration {unknown}


   Skills:
 + Level 1.9 Fighting
 + Level 4.0 Dodging
 + Level 3.5 Stealth
 + Level 2.1 Shields
 + Level 5.6 Spellcasting
 + Level 0.2 Invocations


You couldn't memorise any spells.
You knew the following spells:

 Your Spells              Type           Power      Damage    Failure   Level
a - Foxfire               Conj/Fire      100%       2x1d9     1%          1
b - Scorch                Fire           56%        2d7       1%          2
c - Conjure Flame         Conj/Fire      28%        6-21      4%          3
d - Inner Flame           Hex/Fire       28%        N/A       4%          3
e - Flame Wave            Conj/Fire      28%        2d8       14%         4
f - Sting                 Tmut/Pois      100%       1d8       1%          1
g - Ensorcelled Hibernat  Hex/Ice        56%        N/A       1%          2
h - Stone Arrow           Conj/Erth      56%        3d10      4%          3
Your spell library was empty.

Dungeon Overview and Level Annotations

Branches:
Dungeon (6/15)              Sewer (visited)
 Temple: D:4-7

Altars:
Fedhas
Hepliaklqana
Okawaru
Zin

Shops:
D:2 [

Annotations:
D:4 Pikel


Innate Abilities, Weirdness & Mutations

You are immune to sickness and miasma.
You are immune to poison.
Your flesh is very heat resistant. (rF++)
You are vulnerable to cold. (rC-)
You float through the air rather than walking.
You learn spells naturally, not from books.
Your magical power is your life essence.
You have superior vitality. (+4 MHP)


Message History

Pikel's fire resistance burns away.
You conjure some foxfire!
The foxfire hits Pikel.
Pikel is burned terribly!
Pikel is moderately wounded.
You hit Pikel but do no damage.
Pikel is moderately wounded.
The lemure hits you.
Unknown command.
Your foxfire dissipates!
Pikel attacks as you move away!
Pikel hits you with a +1 whip of flaming!
Pikel burns you.
You barely miss Pikel.
Pikel is moderately wounded.
Pikel is no longer more vulnerable to fire.
A giant cockroach comes into view.
Pikel hits you with a +1 whip of flaming!
Casting: Foxfire (safe; 1% risk of failure)
Confirm with . or Enter, or press ? or * to list all spells.
Aiming: Stone Arrow (dangerous; 4% risk of failure)
Press: ? - help, Shift-Dir - straight line, f - Pikel
Aim: Pikel, wielding a +1 whip of flaming and wearing a +2 robe of willpower (moderately wounded, 64% to hit)
You miscast Stone Arrow.
You are very lightly contaminated with residual magic.
Nothing appears to happen.
Pikel hits you with a +1 whip of flaming.
You barely miss Pikel.
Pikel is moderately wounded.
Pikel hits you with a +1 whip of flaming.
* * * LOW HITPOINT WARNING * * *
Unknown command.
Casting: Stone Arrow (dangerous; 4% risk of failure)
Confirm with . or Enter, or press ? or * to list all spells.
Casting: Flame Wave (dangerous; 14% risk of failure)
Press: ? - help, Dir - look around, f - activate A wave of flame ripples out!
The flame wave engulfs Pikel.
Pikel is heavily wounded. (Press . to intensify the flame waves.)
* * * LOW HITPOINT WARNING * * *
Pikel hits you with a +1 whip of flaming!
You die...

##########.##.)....#
#.##......# ########
#..#.##.### .......#
##.#.##.# .......#
...##.# .......#
#..##.# .......#
#..##.# .......#
#..##.#
.......#####...#@#
......#........#K#
......#........55#
......#........B5#
......#..........#
......########...#
......# ##...#
......# #...#
......# #...#


You could see Pikel, 3 lemures and a giant cockroach.

Vanquished Creatures
  Pargi (Sewer)
  A sky beast (D:5)
  2 black bears (D:4)
  A scorpion (D:5)
  2 hounds (D:5)
  A jelly (D:6)
  Jessica (D:2)
  2 iguanas
  3 orc wizards (D:4)
  3 gnolls (D:3)
  12 adders
  2 worms (D:3)
  A dart slug (D:4)
  7 orcs (D:4)
  10 ball pythons
  5 endoplasms
  8 giant cockroaches
  6 goblins
  6 hobgoblins
  4 quokkas
  4 bats
  10 frilled lizards
  7 kobolds
  2 rats (D:3)
101 creatures vanquished.

Vanquished Creatures (others)
  172 foxfires
172 creatures vanquished.

Grand Total: 273 creatures vanquished

Notes
Turn   | Place    | Note
-------+----------+-------------------------------------------
     0 | D:1      | snetch the Djinni Fire Elementalist began the quest for the
                  | Orb.
     0 | D:1      | Reached XP level 1. HP: 15/15 MP: 0/0
   354 | D:1      | Reached XP level 2. HP: 10/21 MP: 0/0
   736 | D:1      | Reached skill level 3 in Spellcasting
  1103 | D:3      | Reached XP level 3. HP: 20/25 MP: 0/0
  1103 | D:3      | Learned a level 1 spell: Sting
  1182 | D:2      | Noticed Jessica
  1195 | D:2      | Reached skill level 1 in Shields
  1690 | D:2      | Reached XP level 4. HP: 28/31 MP: 0/0
  1691 | D:2      | Found Hoan's Antique Armour Shop.
  1959 | D:2      | Found a blossoming altar of Fedhas.
  2153 | D:2      | Killed Jessica
  2248 | D:4      | Found a glowing drain.
  2256 | D:4      | Reached XP level 5. HP: 25/36 MP: 0/0
  2256 | D:4      | Learned a level 2 spell: Ensorcelled Hibernation
  2265 | Sewer    | Entered a sewer
  2457 | Sewer    | Noticed Pargi
  2475 | Sewer    | Killed Pargi
  2476 | Sewer    | Reached XP level 6. HP: 35/41 MP: 0/0
  2484 | Sewer    | Reached skill level 4 in Spellcasting
  2599 | D:4      | Reached skill level 1 in Fighting
  2602 | D:5      | Entered Level 5 of the Dungeon
  2655 | D:5      | Noticed a sky beast
  2665 | D:5      | Killed a sky beast
  2666 | D:5      | Reached XP level 7. HP: 26/47 MP: 0/0
  2666 | D:5      | Learned a level 3 spell: Stone Arrow
  2908 | D:4      | Reached skill level 5 in Spellcasting
  2967 | D:5      | Reached XP level 8. HP: 14/54 MP: 0/0
  3433 | D:3      | Found a faded altar of an unknown god.
  3453 | D:3      | Prayed at the altar of an unknown god.
  3453 | D:3      | Became a worshipper of Zin the Law-Giver
  3453 | D:3      | Reached * piety under Zin
  3453 | D:3      | Reached ** piety under Zin
  3868 | D:3      | Found a hazy altar of Hepliaklqana.
  3936 | D:3      | Found an iron altar of Okawaru.
  4133 | D:4      | Identified the +1 chain mail "Ranwug" {Str+5 Dex+3}
  4211 | D:4      | Noticed Pikel
  4226 | D:4      | Slain by Pikel

Illustrated notes

Levels and vault maps discovered:
D:1:      dpeg_arrival_leaves_temple_mockup, layout_basic,
          amcnicky_mini_pool_small
D:2:      layout_basic, basic_altar, serial_shops,
          nicolae_shop_overgrown_old_shop, dk_vineyard_1, uniq_jessica
D:3:      layout_basic, worldfamousw_hep_ancestral_shrine, okawaru_trees_2,
          shapermc_ecumenical_altar_notcrosses
D:4:      layout_basic, portal_sewer_entry_f, uniq_pikel
D:5:      layout_basic, mainiacjoe_overflow_surrounded_room, uniq_blork_the_orc,
          uniq_sigmund, uniq_eustachio
D:6:      layout_basic, pdpol_wu_jian_five_deadly_venoms, dk_rats_in_the_wall

Skill      XL: |  1  2  3  4  5  6  7  8 |
---------------+-------------------------+-----
Spellcasting   | 3 4 5 |  5.6
Shields        | 1 2 |  2.1
Stealth        | 2 3 |  3.5
Dodging        | 3 4 |  4.0
Fighting       | 1 |  1.9
Invocations    | |  0.2

Action                   |  1- 3 |  4- 6 |  7- 9 || total
-------------------------+-------+-------+-------++-------
Melee: Whip              |    28 |    39 |    31 ||    98
 Cast: Foxfire           |    33 |    19 |    50 ||   102
       Scorch            |     1 |    11 |    18 ||    30
       Stone Arrow       |       |       |     8 ||     8
       Flame Wave        |       |       |     2 ||     2
Invok: Recite            |       |       |     1 ||     1
 Stab: Sleeping          |     2 |       |     2 ||     4
Armor: Robe              |     4 |    14 |     5 ||    23
Dodge: Dodged            |    17 |    14 |    19 ||    50
Block: Buckler           |     5 |    15 |    10 ||    30
       Reflection        |     1 |       |     1 ||     2

Table legend: (Time is in decaauts)
 A = Elapsed time spent in this place.
 B = Non-inter-level travel time spent in this place.
 C = Inter-level travel time spent in this place.
 D = Time resting spent in this place.
 E = Time spent auto-exploring this place.
 F = Levels seen in this place.
 G = Mean time per level.
                   A        B        C        D        E       F      G
               +--------+--------+--------+--------+--------+-----+--------+
         Total |   4250 |   4068 |    182 |    136 |   2692 |   7 |  607.1 |
       Dungeon |   3922 |   3740 |    182 |    136 |   2527 |   6 |  653.7 |
         Sewer |    328 |    328 |      0 |      0 |    165 |   1 |  328.0 |
               +--------+--------+--------+--------+--------+-----+--------+

Top non-repeatable levels by time:
     D:2: 1177 daAuts
     D:3: 1078 daAuts
     D:1: 984 daAuts
     D:4: 580 daAuts
   Sewer: 328 daAuts
     D:5: 93 daAuts
     D:6: 8 daAuts
